 Dungeon Crawl Stone Soup version 0.28-a0-1638-g9123634e07 (webtiles) character file.

Game seed: 15795267294267359255

11 cyrus the Chiller (level 2, -6/20 HPs)
             Began as a Draconian Ice Elementalist on Jan 24, 2022.
             Was an Initiate of Ashenzari.
             Mangled by a gnoll (8 damage)
             ... on level 1 of the Dungeon on Jan 25, 2022.
             The game lasted 00:03:35 (806 turns).

cyrus the Chiller (Draconian Ice Elementalist)       Turns: 806, Time: 00:03:36

Health: -6/20      AC:  4    Str: 10    XL:     2   Next: 17%
Magic:  5/5        EV: 12    Int: 15    God:    Ashenzari [......]
Gold:   18         SH:  0    Dex: 11    Spells: 4/5 levels left

rFire   . . .      SeeInvis .   d - +0 short sword
rCold   . . .      Faith    .   (no shield)
rNeg    . . .      Spirit   .   (armour unavailable)
rPois   .          Reflect  .   (helmet restricted)
rElec   .          Harm     .   (no cloak)
rCorr   .          Rampage  .   (no gloves)
Will    .....                   (no boots)
Stlth   ++........              (no amulet)
HPRegen 0.06/turn               (no ring)
MPRegen 0.09/turn               (no ring)

@: no status effects
A: AC +4, unfitting armour, cold-blooded
a: Renounce Religion, Curse Item


You were on level 1 of the Dungeon.
You worshipped Ashenzari.
Ashenzari was noncommittal.
You visited 1 branch of the dungeon, and saw 1 of its levels.

You collected 18 gold pieces.

Inventory:

Hand Weapons
 d - a +0 short sword (weapon)
Scrolls
 a - a scroll of acquirement {unknown}
Potions
 b - a potion of mutation {unknown}
 c - a potion of resistance {unknown}


   Skills:
 + Level 0.1 Fighting
 + Level 1.8 Dodging
 + Level 1.8 Stealth
 + Level 2.0 Spellcasting
 + Level 4.4 Ice Magic


You had 4 spell levels left.
You knew the following spells:

 Your Spells              Type           Power      Damage    Failure   Level
a - Freeze                Ice            56%        1d7       3%          1

Your spell library contained the following spells:

 Spells                   Type           Power      Damage    Failure   Level
 Frozen Ramparts          Ice            28%        1d4       11%         3
 Ozocubu's Armour         Ice            14%        N/A       11%         3
 Hailstorm                Conj/Ice       8%         3d4       65%         4


Dungeon Overview and Level Annotations

Branches:
Dungeon (1/15)

Altars:
Ashenzari


Innate Abilities, Weirdness & Mutations

Your plain brown scales are hard. (AC +4)
You cannot fit into any form of body armour.
You are cold-blooded and may be slowed by cold attacks.


Message History

You hit the rat.
The rat is heavily wounded.
The bat closely misses you. The rat barely misses you.
The bat closely misses you.
You closely miss the bat.
The bat is moderately wounded.
The bat hits you but does no damage. The rat closely misses you.
The bat closely misses you.
You hit the bat.
You kill the bat!
The rat closely misses you. x2
You barely miss the rat.
The rat is heavily wounded.
The gnoll closely misses you. The rat bites you but does no damage.
The gnoll hits you from afar with a +0 spear.
You hit the rat but do no damage.
You tail-slap the rat, but do no damage.
The rat is heavily wounded.
The rat bites you but does no damage.
The gnoll hits you from afar with a +0 spear.
You closely miss the rat.
The rat is heavily wounded.
The rat closely misses you.
You hit the rat.
You kill the rat!
The gnoll completely misses you. The gnoll closely misses you.
You see here a rat corpse.
You closely miss the gnoll. The gnoll barely misses you.
You hit the gnoll.
The gnoll is moderately wounded.
The gnoll hits you with a +0 spear.
You hit the gnoll but do no damage.
The gnoll is moderately wounded.
The gnoll hits you with a +0 spear.
* * * LOW HITPOINT WARNING * * *
You hit the gnoll but do no damage.
The gnoll is moderately wounded.
The gnoll hits you with a +0 spear!
You die...

#.####..[...... #.# #.#
....#.#.#. #.###.####.........
#.......#...#..#.<.
#.......##......... #
#.###.###..#..[#.#. ###.### #.#
#.# ##...#.....
.......######.###.###......#...
#.......g@.....##.......#.
#.#####.#.####.#.......... #.
#.#.# #.##......... #. #.#.#
#...#.#.#.#.# #. #.#.#
###.######### #. #.#.#
#..#####.# #. #!#.#
####.....).# .. #.#.#
#.†.>...#### #.####.###.###


You could see a gnoll.

Vanquished Creatures
  2 ball pythons (D:1)
  2 bats (D:1)
  A giant cockroach (D:1)
  A goblin (D:1)
  A hobgoblin (D:1)
  A kobold (D:1)
  2 rats (D:1)
10 creatures vanquished.

Notes
Turn   | Place    | Note
-------+----------+-------------------------------------------
     0 | D:1      | cyrus the Draconian Ice Elementalist began the quest for
                  | the Orb.
     0 | D:1      | Reached XP level 1. HP: 14/14 MP: 3/3
   183 | D:1      | Found a faded altar of an unknown god.
   213 | D:1      | Prayed at the altar of an unknown god.
   213 | D:1      | Became a worshipper of Ashenzari the Shackled
   415 | D:1      | Upgraded the game from 0.28-a0-1629-gf728b707aa to
                  | 0.28-a0-1638-g9123634e07
   742 | D:1      | Reached XP level 2. HP: 16/20 MP: 3/5
   806 | D:1      | Mangled by a gnoll

Illustrated notes

Levels and vault maps discovered:
D:1:      co_arrival_square_in_a_square_in_a_square, layout_loops_ring,
          hellmonk_ecumenical_altar_heavens_door

Action                   || total
-------------------------++-------
Melee: Unarmed           ||    41
       Tailslap          ||     7
       Short sword       ||    20
 Cast: Freeze            ||     2
 Stab: Sleeping          ||     2
Armor: Skin              ||    38
Dodge: Dodged            ||   126

Table legend: (Time is in decaauts)
 A = Elapsed time spent in this place.
 B = Non-inter-level travel time spent in this place.
 C = Inter-level travel time spent in this place.
 D = Time resting spent in this place.
 E = Time spent auto-exploring this place.
 F = Levels seen in this place.
 G = Mean time per level.
                   A        B        C        D        E       F      G
               +--------+--------+--------+--------+--------+-----+--------+
         Total |    807 |    807 |      0 |      0 |    540 |   1 |  807.0 |
       Dungeon |    807 |    807 |      0 |      0 |    540 |   1 |  807.0 |
               +--------+--------+--------+--------+--------+-----+--------+

Top non-repeatable levels by time:
     D:1: 807 daAuts
